| TOP OF THE 1ST |
|
Grand Junction Rockies batting - Pitching for Danville Braves : RHP Jose Rivero
|
|
Pitching: RHP Jose Rivero
|
|
|
Batting: RHB Gashie Chimsima
|
0-0: Foul Ball, location: 2F 0-1: Ball 1-1: Ball 2-1: Ball 3-1: Foul Ball, location: 2F 3-2: Base on Balls
|
|
Batting: RHB Edwin Bejarano
|
0-0: 2-RUN HOME RUN (Flyball, 78XD, EV 105.0 MPH), Distance : 380 ft
|
|
Batting: RHB Dan Hoffman
|
0-0: Ball 1-0: Ball 2-0: Swinging Strike 2-1: Called Strike 2-2: Strikes out looking
|
|
Batting: RHB Ryan Ward
|
0-0: Ball 1-0: Ball 2-0: Foul Ball, location: 2F 2-1: Foul Ball, location: 2F 2-2: Ground out 2-3 (Groundball, 2L, EV 68.8 MPH)
|
|
Batting: SHB Justin Jackson
|
0-0: Ball 1-0: Ball 2-0: Ball 3-0: Called Strike 3-1: Base on Balls
|
|
Batting: SHB Oscar Barahona
|
0-0: Ball 1-0: Foul Ball, location: 2F 1-1: Ground out 4-3 (Groundball, 4, EV 88.8 MPH)
|
| Top of the 1st over - 2 runs, 1 hit, 0 errors, 1 left on base; Grand Junction 2 - Danville 0 |
| BOTTOM OF THE 1ST |
|
Danville Braves batting - Pitching for Grand Junction Rockies : RHP Julio Marquez
|
|
Pitching: RHP Julio Marquez
|
|
|
Batting: RHB Mennad Maalik
|
0-0: Ball 1-0: Swinging Strike 1-1: Ball 2-1: Ground out 1-3 (Groundball, 13S, EV 70.6 MPH)
|
|
Batting: RHB Jesus Diego
|
0-0: Ball 1-0: Called Strike 1-1: Ball 2-1: Ball 3-1: Base on Balls
|
|
Batting: RHB Rodolfo Cosme
|
0-0: Ball 1-0: Ball 2-0: Called Strike 2-1: Foul Ball, location: 2F 2-2: Strikes out swinging
|
|
Batting: RHB Paul Holland
|
0-0: Ball 1-0: Ball 2-0: Ball 3-0: Called Strike 3-1: SINGLE (Line Drive, 6D, EV 98.8 MPH) Jesus Diego to second
|
|
Batting: RHB James Anderson
|
0-0: Ball 1-0: Fly out, F7 (Flyball, 7, EV 75.6 MPH)
|
| Bottom of the 1st over - 0 runs, 1 hit, 0 errors, 2 left on base; Grand Junction 2 - Danville 0 |
| TOP OF THE 2ND |
|
Grand Junction Rockies batting - Pitching for Danville Braves : RHP Jose Rivero
|
|
Batting: SHB J.D. Newman
|
0-0: Called Strike 0-1: Swinging Strike 0-2: Strikes out looking
|
|
Batting: RHB Wei-fang Ping
|
0-0: Ball 1-0: Ground out 5-3 (Groundball, 5, EV 106.2 MPH)
|
|
Batting: RHB Xavier Williams
|
0-0: SOLO HOME RUN (Flyball, 78XD, EV 98.1 MPH), Distance : 385 ft
|
|
Batting: RHB Gashie Chimsima
|
0-0: Called Strike 0-1: Foul Ball, location: 2F 0-2: Ball 1-2: Foul Ball, location: 2F 1-2: Ball 2-2: Ball 3-2: DOUBLE (Line Drive, 7LS, EV 112.5 MPH)
|
|
Batting: RHB Edwin Bejarano
|
0-0: Swinging Strike 0-1: Foul Ball, location: 2F 0-2: SINGLE (Groundball, 25, EV 70.0 MPH) (infield hit) Gashie Chimsima to third
|
|
Batting: RHB Dan Hoffman
|
0-0: Called Strike 0-1: Called Strike Edwin Bejarano steals 2nd base 0-2: Ball 1-2: 3-RUN HOME RUN (Flyball, 7LD, EV 91.2 MPH), Distance : 327 ft
|
|
Batting: RHB Ryan Ward
|
0-0: Ball 1-0: Ball 2-0: Called Strike 2-1: Reached on error, E5 (Groundball, 56S, EV 88.1 MPH)
|
|
Pitching: RHP Marc Focht
|
|
|
Batting: SHB Justin Jackson
|
0-0: Ball 1-0: Ball 2-0: Ball 3-0: Base on Balls
|
|
Batting: SHB Oscar Barahona
|
0-0: Ball Passed Ball! Ryan Ward to third Justin Jackson to second 1-0: Ball 2-0: Ball 3-0: Called Strike 3-1: Reached on error, E5 (Groundball, 5, EV 101.2 MPH) Ryan Ward scores Justin Jackson scores
|
|
Batting: SHB J.D. Newman
|
0-0: Called Strike 0-1: Called Strike 0-2: Ball 1-2: SINGLE (Groundball, 4MD, EV 104.4 MPH) Oscar Barahona to third Runner from 3rd tries for Home, SAFE, throw by CF to home
|
|
Batting: RHB Wei-fang Ping
|
0-0: Ball 1-0: Ball 2-0: Called Strike 2-1: Ground out 4-3 (Groundball, 4, EV 80.6 MPH)
|
| Top of the 2nd over - 7 runs, 5 hits, 2 errors, 1 left on base; Grand Junction 9 - Danville 0 |
| BOTTOM OF THE 2ND |
|
Danville Braves batting - Pitching for Grand Junction Rockies : RHP Julio Marquez
|
|
Batting: RHB Roman Lauder
|
0-0: Swinging Strike 0-1: SOLO HOME RUN (Flyball, 89XD, EV 106.2 MPH), Distance : 424 ft
|
|
Batting: RHB Bart Stevensdick
|
0-0: Ball 1-0: Ball 2-0: Ball 3-0: SINGLE (Groundball, 34D, EV 96.9 MPH)
|
|
Batting: RHB Aaron Sartini
|
0-0: Called Strike 0-1: Called Strike 0-2: Foul Ball, location: 2F 0-2: Ball 1-2: Foul Ball, location: 2F 1-2: Ball 2-2: Strikes out swinging
|
|
Batting: RHB Chad Starnes
|
0-0: Ball 1-0: Grounds into double play, 5-4-3 (Groundball, 5S, EV 85.0 MPH)
|
| Bottom of the 2nd over - 1 run, 2 hits, 0 errors, 0 left on base; Grand Junction 9 - Danville 1 |
| TOP OF THE 3RD |
|
Grand Junction Rockies batting - Pitching for Danville Braves : RHP Marc Focht
|
|
Batting: RHB Xavier Williams
|
0-0: Called Strike 0-1: Swinging Strike 0-2: Ball 1-2: Fly out, F9 (Flyball, 9, EV 92.5 MPH)
|
|
Batting: RHB Gashie Chimsima
|
0-0: Foul Ball, location: 2F 0-1: Ball 1-1: Ball 2-1: Called Strike 2-2: Ball 3-2: SINGLE (Groundball, 6S, EV 61.9 MPH) (infield hit)
|
|
Batting: RHB Edwin Bejarano
|
0-0: Called Strike 0-1: Foul Ball, location: 2F 0-2: Ball 1-2: Foul Ball, location: 2F 1-2: Ball 2-2: Foul Ball, location: 2F 2-2: Strikes out swinging
|
|
Batting: RHB Dan Hoffman
|
0-0: Called Strike 0-1: DOUBLE (Groundball, 5L, EV 105.6 MPH) Gashie Chimsima to third
|
|
Batting: RHB Ryan Ward
|
0-0: Called Strike 0-1: Swinging Strike 0-2: Foul Ball, location: 2F 0-2: Ball 1-2: Ground out 5-3 (Groundball, 56, EV 86.9 MPH)
|
| Top of the 3rd over - 0 runs, 2 hits, 0 errors, 2 left on base; Grand Junction 9 - Danville 1 |
| BOTTOM OF THE 3RD |
|
Danville Braves batting - Pitching for Grand Junction Rockies : RHP Julio Marquez
|
|
Batting: RHB Mennad Maalik
|
0-0: Ball 1-0: Called Strike 1-1: Ball 2-1: Foul Ball, location: 2F 2-2: Foul Ball, location: 2F 2-2: Ball 3-2: Foul Ball, location: 2F 3-2: SOLO HOME RUN (Flyball, 7LD, EV 93.1 MPH), Distance : 335 ft
|
|
Batting: RHB Jesus Diego
|
0-0: Ball 1-0: Foul Ball, location: 2F 1-1: Ball 2-1: Foul Ball, location: 2F 2-2: Strikes out looking
|
|
Batting: RHB Rodolfo Cosme
|
0-0: Ball 1-0: Called Strike 1-1: Foul Ball, location: 2F 1-2: Foul Ball, location: 2F 1-2: Ball 2-2: SINGLE (Line Drive, 3D, EV 100.0 MPH)
|
|
Batting: RHB Paul Holland
|
0-0: Foul Ball, location: 2F 0-1: Called Strike 0-2: Ball 1-2: Grounds into double play, 5-4-3 (Groundball, 56, EV 81.9 MPH)
|
| Bottom of the 3rd over - 1 run, 2 hits, 0 errors, 0 left on base; Grand Junction 9 - Danville 2 |
| TOP OF THE 4TH |
|
Grand Junction Rockies batting - Pitching for Danville Braves : RHP Marc Focht
|
|
Batting: SHB Justin Jackson
|
0-0: Foul Ball, location: 2F 0-1: Foul Ball, location: 2F 0-2: Ball 1-2: Ball 2-2: Ball 3-2: Foul Ball, location: 2F 3-2: Foul Ball, location: 2F 3-2: Foul Ball, location: 2F 3-2: Base on Balls
|
|
Pitching: RHP Nathan Tamburrino
|
|
|
Batting: SHB Oscar Barahona
|
0-0: Called Strike 0-1: 2-RUN HOME RUN (Flyball, 89XD, EV 98.1 MPH), Distance : 399 ft
|
|
Batting: SHB J.D. Newman
|
0-0: Foul Ball, location: 2F 0-1: Ball 1-1: Ball 2-1: Ball 3-1: Base on Balls
|
|
Batting: RHB Wei-fang Ping
|
0-0: Grounds into double play, 6-4-3 (Groundball, 6M, EV 78.1 MPH)
|
|
Batting: RHB Xavier Williams
|
0-0: Ball 1-0: Ball 2-0: Foul Ball, location: 2F 2-1: Ground out U3 (Groundball, 3S, EV 84.4 MPH)
|
| Top of the 4th over - 2 runs, 1 hit, 0 errors, 0 left on base; Grand Junction 11 - Danville 2 |
| BOTTOM OF THE 4TH |
|
Danville Braves batting - Pitching for Grand Junction Rockies : RHP Julio Marquez
|
|
Batting: RHB James Anderson
|
0-0: Ball 1-0: Ball 2-0: Called Strike 2-1: Ball 3-1: Base on Balls
|
|
Batting: RHB Roman Lauder
|
0-0: Ball 1-0: Ball 2-0: Foul Ball, location: 2F 2-1: Swinging Strike 2-2: SINGLE (Groundball, 4MD, EV 105.0 MPH) James Anderson to second
|
|
Batting: RHB Bart Stevensdick
|
0-0: Called Strike 0-1: Ball 1-1: Called Strike 1-2: Ball 2-2: Ball 3-2: Strikes out swinging
|
|
Batting: RHB Aaron Sartini
|
0-0: Ball 1-0: Ball 2-0: Called Strike 2-1: Foul Ball, location: 2F 2-2: Ball 3-2: Foul Ball, location: 2F 3-2: Base on Balls James Anderson to third Roman Lauder to second
|
|
Pitching: RHP Alex Covarrubias
|
|
|
Batting: RHB Chad Starnes
|
0-0: Grounds into double play, 6-4-3 (Groundball, 6, EV 87.5 MPH)
|
| Bottom of the 4th over - 0 runs, 1 hit, 0 errors, 2 left on base; Grand Junction 11 - Danville 2 |
| TOP OF THE 5TH |
|
Grand Junction Rockies batting - Pitching for Danville Braves : RHP Nathan Tamburrino
|
|
Batting: RHB Gashie Chimsima
|
0-0: Swinging Strike 0-1: Swinging Strike 0-2: Strikes out looking
|
|
Batting: RHB Edwin Bejarano
|
0-0: Called Strike 0-1: Ground out 4-3 (Groundball, 4, EV 90.0 MPH)
|
|
Batting: RHB Dan Hoffman
|
0-0: Ball 1-0: Ball 2-0: Ball 3-0: Base on Balls
|
|
Batting: RHB Ryan Ward
|
0-0: Ball 1-0: Ball 2-0: DOUBLE (Flyball, 8LXD, EV 93.8 MPH) Dan Hoffman to third Runner from 3rd tries for Home, SAFE, throw by CF to trailing runner, OUT at third! 8-3-5
|
| Top of the 5th over - 1 run, 1 hit, 0 errors, 0 left on base; Grand Junction 12 - Danville 2 |
| BOTTOM OF THE 5TH |
|
Danville Braves batting - Pitching for Grand Junction Rockies : RHP Alex Covarrubias
|
|
Batting: RHB Mennad Maalik
|
0-0: Called Strike 0-1: Foul Ball, location: 2F 0-2: SINGLE (Groundball, 6D, EV 98.1 MPH)
|
|
Batting: RHB Jesus Diego
|
0-0: Called Strike 0-1: Called Strike 0-2: SINGLE (Line Drive, 6M, EV 106.2 MPH) Mennad Maalik to second
|
|
Batting: RHB Rodolfo Cosme
|
0-0: Fielders Choice at 2nd, 4-6 (Groundball, 4, EV 82.5 MPH) Mennad Maalik to third
|
|
Batting: RHB Paul Holland
|
0-0: Ball 1-0: Ball 2-0: Ball 3-0: Called Strike 3-1: Foul Ball, location: 2F 3-2: SINGLE (Groundball, 56D, EV 97.5 MPH) Mennad Maalik scores Rodolfo Cosme to second
|
|
Batting: RHB James Anderson
|
0-0: Ball 1-0: Ball 2-0: Swinging Strike 2-1: Foul Ball, location: 2F 2-2: Foul Ball, location: 2F 2-2: Ball 3-2: Foul Ball, location: 2F 3-2: Foul Ball, location: 2F 3-2: Foul Ball, location: 2F 3-2: Foul Ball, location: 2F 3-2: Foul Ball, location: 2F 3-2: 3-RUN HOME RUN (Flyball, 9D, EV 94.4 MPH), Distance : 346 ft
|
|
Pitching: RHP Aaron O'Brien
|
|
|
Batting: RHB Roman Lauder
|
0-0: Ball 1-0: Ball 2-0: Ball 3-0: Called Strike 3-1: Base on Balls
|
|
Batting: RHB Bart Stevensdick
|
0-0: Foul Ball, location: 2F 0-1: Swinging Strike 0-2: Ball 1-2: Strikes out swinging
|
|
Batting: RHB Aaron Sartini
|
0-0: Ball Passed Ball! Roman Lauder to second 1-0: DOUBLE (Groundball, 3L, EV 103.8 MPH) Roman Lauder scores
|
|
Batting: RHB Chad Starnes
|
0-0: Ball 1-0: Foul Ball, location: 2F 1-1: SINGLE (Groundball, 6MD, EV 98.1 MPH) Aaron Sartini to third Runner from 3rd tries for Home, SAFE, throw by CF to home Chad Starnes to second
|
|
Batting: RHB Mennad Maalik
|
0-0: Foul Ball, location: 2F 0-1: Ball 1-1: Ball 2-1: Ball 3-1: Base on Balls
|
|
Batting: RHB Jesus Diego
|
0-0: Called Strike 0-1: 3-RUN HOME RUN (Line Drive, 78XD, EV 102.5 MPH), Distance : 396 ft
|
|
Pitching: RHP Diego Arredondo
|
|
|
Batting: RHB Rodolfo Cosme
|
0-0: Called Strike 0-1: Ground out 1-3 (Groundball, 13S, EV 73.1 MPH)
|
| Bottom of the 5th over - 9 runs, 7 hits, 0 errors, 0 left on base; Grand Junction 12 - Danville 11 |
| TOP OF THE 6TH |
|
Grand Junction Rockies batting - Pitching for Danville Braves : RHP Nathan Tamburrino
|
|
Batting: SHB Justin Jackson
|
0-0: Foul Ball, location: 2F 0-1: Ball 1-1: Called Strike 1-2: Ground out 5-3 (Groundball, 5L, EV 88.8 MPH)
|
|
Batting: SHB Oscar Barahona
|
0-0: Ball 1-0: Called Strike 1-1: Ball 2-1: SINGLE (Line Drive, 56, EV 100.0 MPH)
|
|
Batting: SHB J.D. Newman
|
0-0: Called Strike Oscar Barahona steals 2nd, throwing error, E2 Oscar Barahona to third 0-1: Fly out, F9 (Flyball, 9, EV 91.9 MPH)
|
|
Batting: RHB Wei-fang Ping
|
0-0: Called Strike 0-1: Swinging Strike 0-2: Foul Ball, location: 2F 0-2: Strikes out swinging
|
| Top of the 6th over - 0 runs, 1 hit, 1 error, 1 left on base; Grand Junction 12 - Danville 11 |
| BOTTOM OF THE 6TH |
|
Danville Braves batting - Pitching for Grand Junction Rockies : RHP Diego Arredondo
|
|
Batting: RHB Paul Holland
|
0-0: Ball 1-0: Called Strike 1-1: Called Strike 1-2: Strikes out swinging
|
|
Batting: RHB James Anderson
|
0-0: SINGLE (Groundball, 6D, EV 99.4 MPH)
|
|
Batting: RHB Roman Lauder
|
0-0: Ball 1-0: Called Strike 1-1: Foul Ball, location: 2F 1-2: Foul Ball, location: 2F 1-2: Strikes out looking
|
|
Pinch Hitting: RHB Richard Saquic
|
0-0: Ball 1-0: Foul Ball, location: 2F 1-1: Foul Ball, location: 2F 1-2: Foul Ball, location: 2F 1-2: SINGLE (Line Drive, 56D, EV 96.2 MPH) James Anderson to second
|
|
Pinch Hitting: LHB Roger Shearing
|
0-0: Ball 1-0: Swinging Strike 1-1: Foul Ball, location: 2F 1-2: Foul Ball, location: 2F 1-2: Strikes out swinging
|
| Bottom of the 6th over - 0 runs, 2 hits, 0 errors, 2 left on base; Grand Junction 12 - Danville 11 |
| TOP OF THE 7TH |
|
Grand Junction Rockies batting - Pitching for Danville Braves : RHP Nathan Tamburrino
|
|
Now at 2B: Richard Saquic
|
|
|
Now in LF: Mennad Maalik
|
|
|
Now in RF: Roger Shearing
|
|
|
Batting: RHB Xavier Williams
|
0-0: Ball 1-0: Ball 2-0: Called Strike 2-1: Fly out, F8 (Flyball, 8LM, EV 83.8 MPH)
|
|
Batting: RHB Gashie Chimsima
|
0-0: Ball 1-0: Called Strike 1-1: Ground out U3 (Groundball, 3S, EV 76.2 MPH)
|
|
Batting: RHB Edwin Bejarano
|
0-0: Ball 1-0: Ball 2-0: DOUBLE (Line Drive, 9LM, EV 107.5 MPH)
|
|
Pitching: LHP Ben Woods
|
|
|
Batting: RHB Dan Hoffman
|
0-0: Foul Ball, location: 2F 0-1: Ball 1-1: Ball 2-1: Foul Ball, location: 2F 2-2: Foul Ball, location: 2F 2-2: Ground out 6-3 (Groundball, 6M, EV 77.5 MPH)
|
| Top of the 7th over - 0 runs, 1 hit, 0 errors, 1 left on base; Grand Junction 12 - Danville 11 |
| BOTTOM OF THE 7TH |
|
Danville Braves batting - Pitching for Grand Junction Rockies : RHP Diego Arredondo
|
|
Pitching: RHP Ricardo Roman
|
|
|
Batting: RHB Chad Starnes
|
0-0: Foul Ball, location: 2F 0-1: Ground out 4-3 (Groundball, 34D, EV 81.2 MPH)
|
|
Batting: RHB Mennad Maalik
|
0-0: DOUBLE (Line Drive, 78D, EV 111.2 MPH)
|
|
Batting: RHB Jesus Diego
|
0-0: Ball 1-0: Called Strike 1-1: Ball 2-1: 2-RUN HOME RUN (Flyball, 9D, EV 99.4 MPH), Distance : 373 ft
|
|
Batting: RHB Rodolfo Cosme
|
0-0: Ball 1-0: SOLO HOME RUN (Flyball, 89XD, EV 105.0 MPH), Distance : 418 ft
|
|
Batting: RHB Paul Holland
|
0-0: Ball 1-0: Ground out 4-3 (Groundball, 34D, EV 107.5 MPH)
|
|
Batting: RHB James Anderson
|
0-0: Ball 1-0: Ground out 5-3 (Groundball, 5L, EV 90.6 MPH)
|
| Bottom of the 7th over - 3 runs, 3 hits, 0 errors, 0 left on base; Grand Junction 12 - Danville 14 |
| TOP OF THE 8TH |
|
Grand Junction Rockies batting - Pitching for Danville Braves : LHP Ben Woods
|
|
Batting: RHB Ryan Ward
|
0-0: Called Strike 0-1: Ball 1-1: Ball 2-1: Foul Ball, location: 2F 2-2: DOUBLE (Groundball, 5L, EV 95.6 MPH)
|
|
Batting: SHB Justin Jackson
|
0-0: Called Strike 0-1: Ball 1-1: Swinging Strike 1-2: Strikes out swinging
|
|
Batting: SHB Oscar Barahona
|
0-0: Ball 1-0: Called Strike 1-1: Ground out 5-3 (Groundball, 56, EV 78.1 MPH)
|
|
Batting: SHB J.D. Newman
|
0-0: Called Strike 0-1: Foul Ball, location: 2F 0-2: Ball Wild Pitch! Ryan Ward to third 1-2: Foul Ball, location: 2F 1-2: Strikes out swinging
|
| Top of the 8th over - 0 runs, 1 hit, 0 errors, 1 left on base; Grand Junction 12 - Danville 14 |
| BOTTOM OF THE 8TH |
|
Danville Braves batting - Pitching for Grand Junction Rockies : RHP Ricardo Roman
|
|
Batting: RHB Roman Lauder
|
0-0: Ball 1-0: Fly out, F7 (Flyball, 7LS, EV 95.6 MPH)
|
|
Batting: RHB Richard Saquic
|
0-0: Ball 1-0: Ground out 5-3 (Groundball, 56, EV 81.2 MPH)
|
|
Batting: LHB Roger Shearing
|
0-0: Ball 1-0: Ball 2-0: Ball 3-0: Called Strike 3-1: Base on Balls
|
|
Pitching: RHP Jim Crooks
|
|
|
Batting: RHB Chad Starnes
|
0-0: Foul Ball, location: 2F 0-1: Called Strike 0-2: Strikes out swinging
|
| Bottom of the 8th over - 0 runs, 0 hits, 0 errors, 1 left on base; Grand Junction 12 - Danville 14 |
| TOP OF THE 9TH |
|
Grand Junction Rockies batting - Pitching for Danville Braves : LHP Ben Woods
|
|
Pitching: RHP Outa Tamura
|
|
|
Now at 1B: Paul Holland
|
|
|
Now at SS: Vicente Guillen
|
|
|
Batting: RHB Wei-fang Ping
|
0-0: Called Strike 0-1: Ball 1-1: Foul Ball, location: 2F 1-2: Fly out, F8 (Line Drive, 8RS, EV 91.9 MPH)
|
|
Pinch Hitting: LHB Tom Bemis
|
0-0: Ball 1-0: Ball 2-0: Called Strike 2-1: Foul Ball, location: 2F 2-2: Strikes out swinging
|
|
Batting: RHB Gashie Chimsima
|
0-0: Ball 1-0: Ball 2-0: Called Strike 2-1: Ball 3-1: Swinging Strike 3-2: Foul Ball, location: 2F 3-2: Strikes out swinging
|
| Top of the 9th over - 0 runs, 0 hits, 0 errors, 0 left on base; Grand Junction 12 - Danville 14 |
|